[ AOE2 MATCH · #481444779 ]
UnrankedByzantines vs Turks
[ REPLAY ANALYSIS · EXTRACTED FROM THE RECORDED GAME ]
Feudal
11:00
Castle
14:52
Imperial
31:14
| APM avg | 48.7 |
| APM peak | 81 |
| eAPM avg | 26.1 |
| Villagers / military | 173 / 222 |
Focus
⚔️ 39.7% · 🌾 60.3%
Camel Scout ×134 · Skirmisher ×47 · Trade Cart ×25 · Scout Cavalry ×20 · Mangonel ×11 · Knight ×4
Feudal
10:04
Castle
20:35
Imperial
41:59
| APM avg | 41.4 |
| APM peak | 93 |
| eAPM avg | 19.0 |
| Villagers / military | 161 / 64 |
Focus
⚔️ 22.1% · 🌾 77.9%
Cavalry Archer ×49 · Trade Cart ×21 · Camel Scout ×5 · Scout Cavalry ×4 · Trebuchet (Packed) ×4 · Spearman ×2
Feudal
11:06
Castle
21:43
Imperial
38:01
| APM avg | 42.3 |
| APM peak | 70 |
| eAPM avg | 21.8 |
| Villagers / military | 188 / 129 |
Focus
⚔️ 27.4% · 🌾 72.6%
Cavalry Archer ×92 · Scout Cavalry ×19 · Battering Ram ×7 · Petard ×5 · Trebuchet (Packed) ×5 · Spearman ×1
Feudal
10:24
Castle
15:09
Imperial
32:48
| APM avg | 32.1 |
| APM peak | 57 |
| eAPM avg | 18.6 |
| Villagers / military | 158 / 178 |
Focus
⚔️ 38.6% · 🌾 61.4%
Ballista Elephant ×125 · Knight ×43 · Monk ×7 · Trade Cart ×6 · Trebuchet (Packed) ×3
Feudal
11:07
Castle
21:27
Imperial
40:34
| APM avg | 21.1 |
| APM peak | 41 |
| eAPM avg | 15.6 |
| Villagers / military | 150 / 81 |
Focus
⚔️ 26.7% · 🌾 73.3%
Spearman ×59 · Battering Ram ×9 · Scorpion ×8 · Scout Cavalry ×5 · Unknown (1105) ×1
Feudal
11:03
Castle
19:52
Imperial
39:13
| APM avg | 42.1 |
| APM peak | 89 |
| eAPM avg | 18.0 |
| Villagers / military | 125 / 113 |
Focus
⚔️ 29.5% · 🌾 70.5%
Bolas Rider ×92 · Mangonel ×18 · Trade Cart ×7 · Spearman ×3
Feudal
12:38
Castle
16:41
Imperial
39:21
| APM avg | 45.1 |
| APM peak | 92 |
| eAPM avg | 22.1 |
| Villagers / military | 216 / 299 |
Focus
⚔️ 27.0% · 🌾 73.0%
Archer ×203 · Shotel Warrior ×86 · Spearman ×8 · Trebuchet (Packed) ×2
Feudal
11:01
Castle
15:05
Imperial
33:03
| APM avg | 28.0 |
| APM peak | 76 |
| eAPM avg | 16.2 |
| Villagers / military | 144 / 264 |
Focus
⚔️ 25.2% · 🌾 74.8%
Spearman ×227 · Bombard Cannon ×37
Match map
Initial resources + every placement click. Lines = walls · curves = elevation contours. ◆ gold · ⬟ stone · ● berries · ✦ relic · ◌ wall gap
Your base· Open — unwalled flank
Neo's base· ✓ Closed at 20:35 · 1t walls · no gate
mikeymazko's base· Open — unwalled flank
smyracula's base· ✓ Closed at 15:09 · 37t walls · 1 gate(s)
LeoCareta's base· ✓ Closed at 21:27 · 33t walls · 1 gate(s)
danielninosampe's base· Open — unwalled flank
RyanZZZ's base· ✓ Closed at 16:41 · 49t walls · 1 gate(s)
Certtes's base· Open — unwalled flank
Smoothed initial terrain · ◌ = detected wall gap · hover for details
Inputs per minute
— SometimesUnlucky - - Neo
Build order — SometimesUnlucky
First 150 of 683 actions detected
| 0:04 | Build | House |
| 0:04 | Create | Villager (Male) |
| 0:05 | Create | Villager (Male) |
| 0:06 | Build | House |
| 0:44 | Create | Villager (Male) |
| 0:44 | Create | Villager (Male) |
| 1:30 | Create | Villager (Male) |
| 1:31 | Create | Villager (Male) |
| 1:50 | Build | Lumber Camp |
| 2:10 | Create | Villager (Male) |
| 2:10 | Create | Villager (Male) |
| 2:32 | Create | Villager (Male) |
| 2:32 | Create | Villager (Male) |
| 2:57 | Create | Villager (Male) |
| 2:57 | Create | Villager (Male) |
| 3:24 | Create | Villager (Male) |
| 3:25 | Create | Villager (Male) |
| 3:41 | Create | Villager (Male) |
| 3:41 | Create | Villager (Male) |
| 3:49 | Build | House |
| 3:50 | Build | House |
| 3:58 | Create | Villager (Male) |
| 4:34 | Create | Villager (Male) |
| 4:35 | Create | Villager (Male) |
| 4:35 | Create | Villager (Male) |
| 4:35 | Create | Villager (Male) |
| 5:13 | Build | Mill |
| 5:30 | Create | Villager (Male) |
| 5:51 | Create | Villager (Male) |
| 6:20 | Create | Villager (Male) |
| 7:01 | Create | Villager (Male) |
| 7:04 | Create | Villager (Male) |
| 7:55 | Create | Villager (Male) |
| 8:08 | Build | Mining Camp |
| 8:14 | Create | Villager (Male) |
| 8:31 | Research | Feudal Age |
| 9:06 | Create | Villager (Male) |
| 9:06 | Create | Villager (Male) |
| 9:34 | Build | House |
| 9:36 | Build | Palisade Wall |
| 10:40 | Build | Barracks |
| 10:47 | Create | Villager (Male) |
| 11:00 | Age | Feudal Age |
| 11:08 | Build | Market |
| 11:11 | Build | Blacksmith |
| 11:38 | Build | House |
| 12:12 | Research | Castle Age |
| 12:12 | Research | Castle Age |
| 12:22 | Build | Palisade Gate |
| 12:50 | Research | Double-Bit Axe |
| 12:51 | Research | Double-Bit Axe |
| 13:03 | Build | Lumber Camp |
| 13:41 | Build | Palisade Wall |
| 13:45 | Build | Palisade Wall |
| 14:00 | Research | Loom |
| 14:01 | Research | Loom |
| 14:41 | Build | Farm |
| 14:41 | Build | Farm |
| 14:41 | Build | Farm |
| 14:50 | Create | Spearman |
| 14:52 | Age | Castle Age |
| 15:07 | Create | Spearman |
| 15:24 | Research | Wheelbarrow |
| 15:43 | Build | Town Center |
| 16:04 | Build | Town Center |
| 16:06 | Create | Villager (Male) |
| 16:07 | Create | Villager (Male) |
| 16:29 | Create | Villager (Male) |
| 16:29 | Create | Villager (Male) |
| 16:40 | Research | Gold Mining |
| 16:46 | Create | Villager (Male) |
| 16:46 | Create | Villager (Male) |
| 16:53 | Build | Farm |
| 16:53 | Build | Farm |
| 16:56 | Build | Farm |
| 16:56 | Build | Farm |
| 16:57 | Build | Farm |
| 16:57 | Build | Farm |
| 17:19 | Build | Farm |
| 17:20 | Create | Villager (Male) |
| 17:20 | Create | Villager (Male) |
| 17:21 | Create | Villager (Male) |
| 17:22 | Create | Villager (Male) |
| 17:23 | Create | Villager (Male) |
| 17:23 | Create | Villager (Male) |
| 17:23 | Create | Villager (Male) |
| 17:34 | Create | Villager (Male) |
| 17:34 | Create | Villager (Male) |
| 17:34 | Create | Villager (Male) |
| 17:41 | Create | Villager (Male) |
| 17:42 | Create | Villager (Male) |
| 17:42 | Create | Villager (Male) |
| 17:49 | Build | Farm |
| 18:01 | Build | Palisade Wall |
| 18:04 | Build | Palisade Wall |
| 18:12 | Create | Villager (Male) |
| 18:13 | Create | Villager (Male) |
| 18:25 | Create | Villager (Male) |
| 18:25 | Create | Villager (Male) |
| 18:36 | Build | Farm |
| 18:36 | Build | Farm |
| 18:36 | Build | Farm |
| 18:43 | Build | Farm |
| 18:46 | Build | Farm |
| 18:46 | Build | Farm |
| 18:51 | Build | Farm |
| 18:55 | Create | Villager (Male) |
| 18:55 | Create | Villager (Male) |
| 18:56 | Create | Villager (Male) |
| 19:16 | Create | Villager (Male) |
| 19:16 | Create | Villager (Male) |
| 19:22 | Build | Farm |
| 19:22 | Build | Farm |
| 19:24 | Build | Farm |
| 19:30 | Create | Villager (Male) |
| 19:35 | Build | Farm |
| 19:57 | Build | Farm |
| 19:58 | Create | Villager (Male) |
| 19:58 | Create | Villager (Male) |
| 19:58 | Create | Villager (Male) |
| 20:06 | Build | Farm |
| 20:06 | Build | Farm |
| 20:14 | Create | Villager (Male) |
| 20:15 | Create | Villager (Male) |
| 20:27 | Build | House |
| 20:28 | Build | House |
| 20:29 | Build | House |
| 20:30 | Build | House |
| 20:46 | Build | Farm |
| 20:55 | Build | Farm |
| 20:56 | Research | Horse Collar |
| 20:56 | Research | Horse Collar |
| 21:27 | Build | Town Center |
| 21:32 | Create | Villager (Male) |
| 21:32 | Create | Villager (Male) |
| 21:38 | Build | Farm |
| 21:49 | Create | Villager (Male) |
| 21:50 | Create | Villager (Male) |
| 21:50 | Create | Villager (Male) |
| 21:50 | Create | Villager (Male) |
| 21:50 | Create | Villager (Male) |
| 22:05 | Create | Villager (Male) |
| 22:05 | Create | Villager (Male) |
| 22:18 | Build | House |
| 22:19 | Build | House |
| 22:19 | Build | House |
| 22:20 | Build | House |
| 22:20 | Build | House |
| 22:20 | Build | House |
| 22:32 | Create | Villager (Male) |
Build order — Neo
First 150 of 403 actions detected
| 0:06 | Build | House |
| 0:07 | Build | House |
| 0:19 | Create | Villager (Male) |
| 0:19 | Create | Villager (Male) |
| 0:19 | Create | Villager (Male) |
| 0:20 | Create | Villager (Male) |
| 0:20 | Create | Villager (Male) |
| 0:20 | Create | Villager (Male) |
| 1:29 | Build | House |
| 2:14 | Create | Villager (Male) |
| 2:14 | Create | Villager (Male) |
| 2:15 | Create | Villager (Male) |
| 2:45 | Create | Villager (Male) |
| 2:45 | Create | Villager (Male) |
| 3:03 | Create | Villager (Male) |
| 3:03 | Create | Villager (Male) |
| 3:10 | Build | Lumber Camp |
| 3:51 | Create | Villager (Male) |
| 3:51 | Create | Villager (Male) |
| 3:51 | Create | Villager (Male) |
| 4:12 | Create | Villager (Male) |
| 4:12 | Create | Villager (Male) |
| 5:11 | Create | Villager (Male) |
| 5:12 | Create | Villager (Male) |
| 5:12 | Create | Villager (Male) |
| 5:12 | Create | Villager (Male) |
| 5:42 | Create | Villager (Male) |
| 6:48 | Create | Villager (Male) |
| 6:50 | Build | Mill |
| 7:11 | Research | Loom |
| 7:54 | Research | Feudal Age |
| 8:46 | Build | Barracks |
| 9:08 | Build | House |
| 10:02 | Create | Villager (Male) |
| 10:04 | Age | Feudal Age |
| 10:12 | Research | Double-Bit Axe |
| 10:35 | Build | Stable |
| 10:40 | Create | Villager (Male) |
| 11:05 | Create | Villager (Male) |
| 11:15 | Create | Scout Cavalry |
| 11:16 | Create | Scout Cavalry |
| 11:16 | Create | Scout Cavalry |
| 11:16 | Create | Scout Cavalry |
| 11:25 | Create | Villager (Male) |
| 11:38 | Build | Blacksmith |
| 11:40 | Build | House |
| 11:50 | Build | Farm |
| 11:59 | Create | Villager (Male) |
| 12:12 | Create | Villager (Male) |
| 12:17 | Build | Farm |
| 12:41 | Build | Farm |
| 12:43 | Create | Villager (Male) |
| 13:01 | Build | House |
| 13:03 | Create | Villager (Male) |
| 13:13 | Build | Farm |
| 13:18 | Create | Villager (Male) |
| 14:22 | Create | Villager (Male) |
| 14:48 | Create | Villager (Male) |
| 14:52 | Build | Farm |
| 14:53 | Build | Farm |
| 14:53 | Build | Farm |
| 14:53 | Build | Farm |
| 14:53 | Build | Farm |
| 14:53 | Build | Farm |
| 15:18 | Create | Villager (Male) |
| 15:24 | Create | Villager (Male) |
| 15:25 | Create | Villager (Male) |
| 15:45 | Build | Mining Camp |
| 16:25 | Create | Villager (Male) |
| 16:27 | Research | Gold Mining |
| 16:40 | Research | Wheelbarrow |
| 17:06 | Build | Farm |
| 17:10 | Build | Farm |
| 17:13 | Research | Castle Age |
| 17:59 | Research | Forging |
| 18:22 | Build | House |
| 18:37 | Create | Spearman |
| 18:37 | Create | Spearman |
| 18:50 | Build | Palisade Wall |
| 20:35 | Age | Castle Age |
| 20:47 | Create | Villager (Male) |
| 20:47 | Create | Villager (Male) |
| 21:04 | Create | Camel Scout |
| 21:14 | Build | Farm |
| 21:15 | Research | Horse Collar |
| 21:18 | Research | Bow Saw |
| 21:21 | Create | Villager (Male) |
| 21:29 | Build | Town Center |
| 21:38 | Create | Villager (Male) |
| 21:53 | Research | Heavy Plow |
| 21:59 | Create | Villager (Male) |
| 22:30 | Create | Villager (Male) |
| 23:20 | Create | Villager (Male) |
| 23:21 | Create | Villager (Male) |
| 23:24 | Create | Camel Scout |
| 23:24 | Create | Camel Scout |
| 23:24 | Create | Camel Scout |
| 23:25 | Create | Camel Scout |
| 23:28 | Create | Villager (Male) |
| 23:29 | Create | Villager (Male) |
| 23:29 | Create | Villager (Male) |
| 23:50 | Build | Town Center |
| 23:58 | Build | Farm |
| 24:00 | Create | Villager (Male) |
| 24:06 | Build | Farm |
| 24:07 | Build | Farm |
| 24:07 | Build | Farm |
| 24:07 | Build | Farm |
| 24:07 | Build | Farm |
| 24:07 | Build | Farm |
| 24:08 | Build | Farm |
| 24:11 | Create | Villager (Male) |
| 24:19 | Research | Scale Barding Armor |
| 24:28 | Create | Villager (Male) |
| 24:28 | Create | Villager (Male) |
| 24:58 | Create | Villager (Male) |
| 25:05 | Research | Hand Cart |
| 25:05 | Research | Hand Cart |
| 25:14 | Build | Farm |
| 25:14 | Build | Farm |
| 25:14 | Build | Farm |
| 25:25 | Build | House |
| 25:27 | Build | House |
| 25:28 | Build | House |
| 25:30 | Build | House |
| 25:33 | Build | House |
| 25:33 | Build | House |
| 25:33 | Build | House |
| 25:37 | Create | Villager (Male) |
| 25:37 | Create | Villager (Male) |
| 25:38 | Create | Villager (Male) |
| 26:21 | Create | Villager (Male) |
| 26:22 | Create | Villager (Male) |
| 26:22 | Create | Villager (Male) |
| 26:36 | Create | Villager (Male) |
| 26:36 | Create | Villager (Male) |
| 26:36 | Create | Villager (Male) |
| 26:46 | Research | Stone Mining |
| 26:50 | Create | Villager (Male) |
| 26:51 | Create | Villager (Male) |
| 26:52 | Create | Villager (Male) |
| 27:02 | Build | Archery Range |
| 27:16 | Create | Villager (Male) |
| 27:25 | Build | Market |
| 27:28 | Create | Villager (Male) |
| 27:28 | Create | Villager (Male) |
| 27:36 | Research | Fletching |
| 27:40 | Research | Bloodlines |
| 28:04 | Build | Castle |
| 28:12 | Create | Villager (Male) |
Build order — mikeymazko
First 150 of 456 actions detected
| 0:01 | Create | Villager (Male) |
| 0:01 | Create | Villager (Male) |
| 0:01 | Create | Villager (Male) |
| 0:02 | Create | Villager (Male) |
| 0:02 | Create | Villager (Male) |
| 0:04 | Build | House |
| 0:06 | Build | House |
| 1:42 | Create | Villager (Male) |
| 1:42 | Create | Villager (Male) |
| 2:22 | Create | Villager (Male) |
| 2:22 | Create | Villager (Male) |
| 2:40 | Build | Lumber Camp |
| 2:42 | Create | Villager (Male) |
| 2:43 | Create | Villager (Male) |
| 3:19 | Create | Villager (Male) |
| 3:20 | Create | Villager (Male) |
| 3:20 | Create | Villager (Male) |
| 4:06 | Build | House |
| 4:09 | Create | Villager (Male) |
| 4:10 | Create | Villager (Male) |
| 4:10 | Create | Villager (Male) |
| 4:30 | Create | Villager (Male) |
| 4:51 | Create | Villager (Male) |
| 4:51 | Create | Villager (Male) |
| 5:27 | Create | Villager (Male) |
| 5:27 | Create | Villager (Male) |
| 5:45 | Build | Mill |
| 5:47 | Create | Villager (Male) |
| 5:47 | Create | Villager (Male) |
| 6:06 | Build | House |
| 6:18 | Build | Palisade Wall |
| 6:26 | Build | Palisade Wall |
| 6:28 | Build | Palisade Wall |
| 6:41 | Create | Villager (Male) |
| 6:42 | Create | Villager (Male) |
| 7:03 | Build | Palisade Wall |
| 7:16 | Create | Villager (Male) |
| 7:46 | Build | Palisade Wall |
| 7:59 | Build | House |
| 8:00 | Build | House |
| 8:18 | Research | Loom |
| 8:24 | Build | Mining Camp |
| 8:56 | Research | Feudal Age |
| 9:08 | Build | House |
| 9:10 | Build | Palisade Wall |
| 9:13 | Build | Palisade Wall |
| 10:29 | Build | Barracks |
| 11:06 | Age | Feudal Age |
| 11:10 | Create | Villager (Male) |
| 11:10 | Create | Villager (Male) |
| 11:31 | Build | Stable |
| 11:34 | Create | Villager (Male) |
| 11:35 | Create | Villager (Male) |
| 11:54 | Build | Palisade Gate |
| 12:03 | Create | Villager (Male) |
| 12:05 | Research | Double-Bit Axe |
| 12:28 | Create | Scout Cavalry |
| 12:29 | Create | Scout Cavalry |
| 12:29 | Create | Scout Cavalry |
| 12:35 | Create | Villager (Male) |
| 13:12 | Create | Villager (Male) |
| 13:13 | Create | Villager (Male) |
| 13:18 | Build | Farm |
| 13:19 | Build | Farm |
| 13:22 | Build | Blacksmith |
| 13:28 | Create | Scout Cavalry |
| 13:58 | Create | Scout Cavalry |
| 14:01 | Create | Villager (Male) |
| 14:07 | Build | Farm |
| 14:22 | Create | Villager (Male) |
| 14:26 | Build | Farm |
| 14:31 | Build | Market |
| 14:45 | Research | Horse Collar |
| 14:51 | Build | Farm |
| 14:51 | Build | Farm |
| 14:51 | Build | Farm |
| 14:51 | Build | Farm |
| 14:52 | Build | Farm |
| 14:52 | Build | Farm |
| 14:52 | Build | Farm |
| 15:26 | Create | Villager (Male) |
| 15:27 | Create | Villager (Male) |
| 15:33 | Build | House |
| 15:34 | Build | House |
| 15:48 | Build | Farm |
| 16:12 | Create | Spearman |
| 16:25 | Build | Farm |
| 16:27 | Build | Farm |
| 16:28 | Build | Farm |
| 16:32 | Build | House |
| 16:41 | Build | Farm |
| 16:41 | Build | Farm |
| 16:42 | Build | Farm |
| 16:42 | Build | Farm |
| 16:42 | Build | Farm |
| 16:42 | Build | Farm |
| 16:51 | Build | House |
| 16:58 | Create | Villager (Male) |
| 16:58 | Create | Villager (Male) |
| 17:00 | Build | Farm |
| 17:09 | Build | Farm |
| 17:23 | Build | Farm |
| 17:41 | Create | Villager (Male) |
| 17:54 | Research | Scale Barding Armor |
| 17:57 | Create | Villager (Male) |
| 17:59 | Build | Farm |
| 18:16 | Create | Villager (Male) |
| 18:19 | Build | Farm |
| 18:52 | Create | Villager (Male) |
| 18:52 | Create | Villager (Male) |
| 18:56 | Research | Castle Age |
| 19:03 | Build | Farm |
| 20:15 | Build | Farm |
| 20:25 | Create | Scout Cavalry |
| 20:25 | Create | Scout Cavalry |
| 21:22 | Research | Bloodlines |
| 21:40 | Research | Town Watch |
| 21:43 | Age | Castle Age |
| 21:47 | Build | Town Center |
| 21:51 | Build | Town Center |
| 22:06 | Create | Scout Cavalry |
| 22:07 | Create | Scout Cavalry |
| 22:16 | Research | Light Cavalry (upgrade) |
| 22:21 | Research | Bow Saw |
| 22:23 | Research | Heavy Plow |
| 22:28 | Build | Market |
| 23:06 | Build | Farm |
| 23:06 | Build | Farm |
| 23:06 | Build | Farm |
| 23:07 | Build | Farm |
| 23:07 | Build | Farm |
| 23:07 | Build | Farm |
| 23:07 | Build | Farm |
| 23:17 | Create | Scout Cavalry |
| 23:17 | Create | Scout Cavalry |
| 23:17 | Create | Scout Cavalry |
| 23:17 | Create | Scout Cavalry |
| 23:43 | Create | Villager (Male) |
| 23:43 | Create | Villager (Male) |
| 23:44 | Create | Villager (Male) |
| 23:44 | Create | Villager (Male) |
| 23:44 | Create | Villager (Male) |
| 23:45 | Create | Villager (Male) |
| 23:55 | Build | Town Center |
| 23:57 | Build | Farm |
| 24:03 | Research | Wheelbarrow |
| 24:07 | Create | Scout Cavalry |
| 24:15 | Build | Farm |
| 24:17 | Create | Villager (Male) |
| 24:18 | Create | Villager (Male) |
Build order — smyracula
First 150 of 502 actions detected
| 0:05 | Create | Villager (Male) |
| 0:05 | Create | Villager (Male) |
| 0:06 | Create | Villager (Male) |
| 0:06 | Create | Villager (Male) |
| 0:06 | Create | Villager (Male) |
| 0:09 | Build | House |
| 0:11 | Build | House |
| 1:26 | Create | Villager (Male) |
| 1:57 | Create | Villager (Male) |
| 1:58 | Create | Villager (Male) |
| 2:15 | Build | Lumber Camp |
| 2:38 | Create | Villager (Male) |
| 2:38 | Create | Villager (Male) |
| 3:07 | Create | Villager (Male) |
| 3:07 | Create | Villager (Male) |
| 3:07 | Create | Villager (Male) |
| 3:12 | Build | House |
| 3:36 | Create | Villager (Male) |
| 3:36 | Create | Villager (Male) |
| 4:02 | Build | Mill |
| 4:09 | Create | Villager (Male) |
| 4:09 | Create | Villager (Male) |
| 4:35 | Create | Villager (Male) |
| 4:35 | Create | Villager (Male) |
| 4:59 | Create | Villager (Male) |
| 4:59 | Create | Villager (Male) |
| 5:00 | Create | Villager (Male) |
| 5:20 | Build | House |
| 5:28 | Create | Villager (Male) |
| 5:28 | Create | Villager (Male) |
| 5:45 | Research | Loom |
| 5:50 | Create | Villager (Male) |
| 5:50 | Create | Villager (Male) |
| 5:50 | Create | Villager (Male) |
| 5:51 | Create | Villager (Male) |
| 6:20 | Build | House |
| 7:01 | Build | House |
| 7:27 | Build | Palisade Wall |
| 7:30 | Build | Palisade Wall |
| 7:48 | Create | Villager (Male) |
| 8:14 | Research | Feudal Age |
| 8:23 | Build | Mining Camp |
| 9:00 | Build | House |
| 9:29 | Build | Farm |
| 9:31 | Build | Farm |
| 9:34 | Build | Farm |
| 10:03 | Build | Palisade Wall |
| 10:06 | Build | Palisade Wall |
| 10:24 | Age | Feudal Age |
| 10:28 | Create | Villager (Male) |
| 10:28 | Create | Villager (Male) |
| 10:59 | Build | Palisade Wall |
| 11:31 | Create | Villager (Male) |
| 11:43 | Build | Palisade Wall |
| 11:45 | Build | Palisade Wall |
| 11:48 | Build | Palisade Wall |
| 11:49 | Build | Palisade Wall |
| 11:53 | Build | Palisade Wall |
| 12:02 | Build | Palisade Gate |
| 12:04 | Create | Villager (Male) |
| 12:22 | Research | Castle Age |
| 12:30 | Research | Double-Bit Axe |
| 12:54 | Build | House |
| 12:58 | Build | House |
| 13:48 | Build | House |
| 13:51 | Build | House |
| 13:52 | Build | House |
| 13:53 | Build | House |
| 15:09 | Age | Castle Age |
| 15:13 | Build | Monastery |
| 15:13 | Create | Villager (Male) |
| 15:14 | Create | Villager (Male) |
| 15:14 | Create | Villager (Male) |
| 15:14 | Create | Villager (Male) |
| 15:23 | Build | Town Center |
| 15:46 | Build | Palisade Gate |
| 15:52 | Create | Monk |
| 15:52 | Create | Monk |
| 16:04 | Create | Villager (Male) |
| 16:04 | Create | Villager (Male) |
| 16:49 | Create | Villager (Male) |
| 17:19 | Build | House |
| 17:22 | Build | House |
| 17:32 | Build | House |
| 17:53 | Create | Monk |
| 17:53 | Create | Monk |
| 18:00 | Create | Villager (Male) |
| 18:00 | Create | Villager (Male) |
| 18:02 | Build | Farm |
| 18:09 | Build | Barracks |
| 18:20 | Build | Town Center |
| 18:26 | Create | Villager (Male) |
| 18:27 | Create | Villager (Male) |
| 18:28 | Create | Villager (Male) |
| 18:28 | Create | Villager (Male) |
| 18:29 | Create | Villager (Male) |
| 18:40 | Create | Villager (Male) |
| 18:47 | Build | Farm |
| 18:49 | Build | Farm |
| 19:08 | Create | Villager (Male) |
| 19:09 | Create | Villager (Male) |
| 19:09 | Create | Villager (Male) |
| 19:13 | Build | Farm |
| 19:15 | Build | Farm |
| 19:31 | Create | Villager (Male) |
| 19:32 | Create | Villager (Male) |
| 19:47 | Build | Farm |
| 19:53 | Build | Farm |
| 19:57 | Create | Monk |
| 20:01 | Create | Villager (Male) |
| 20:02 | Create | Villager (Male) |
| 20:03 | Create | Villager (Male) |
| 20:05 | Create | Villager (Male) |
| 20:05 | Create | Villager (Male) |
| 20:08 | Build | Farm |
| 20:10 | Build | Farm |
| 20:27 | Create | Monk |
| 20:36 | Create | Villager (Male) |
| 20:37 | Create | Villager (Male) |
| 20:40 | Build | Farm |
| 20:43 | Build | Farm |
| 20:47 | Build | Lumber Camp |
| 20:59 | Create | Villager (Male) |
| 21:00 | Create | Villager (Male) |
| 21:06 | Create | Villager (Male) |
| 21:10 | Build | Farm |
| 21:10 | Build | Farm |
| 21:37 | Create | Villager (Male) |
| 21:37 | Create | Villager (Male) |
| 21:38 | Create | Villager (Male) |
| 21:41 | Build | Farm |
| 21:44 | Build | Farm |
| 21:46 | Build | Farm |
| 21:47 | Create | Villager (Male) |
| 22:01 | Create | Villager (Male) |
| 22:03 | Create | Villager (Male) |
| 22:08 | Create | Monk |
| 22:12 | Build | Farm |
| 22:17 | Create | Villager (Male) |
| 22:21 | Build | Farm |
| 22:24 | Build | Farm |
| 22:27 | Build | Farm |
| 22:43 | Create | Villager (Male) |
| 22:43 | Create | Villager (Male) |
| 22:44 | Create | Villager (Male) |
| 22:50 | Build | House |
| 22:53 | Build | House |
| 22:54 | Create | Villager (Male) |
| 22:55 | Create | Villager (Male) |
| 22:56 | Create | Villager (Male) |
Build order — LeoCareta
First 150 of 428 actions detected
| 0:01 | Create | Villager (Male) |
| 0:02 | Create | Villager (Male) |
| 0:02 | Create | Villager (Male) |
| 0:04 | Build | House |
| 0:08 | Build | House |
| 0:22 | Create | Villager (Male) |
| 0:22 | Create | Villager (Male) |
| 1:33 | Create | Villager (Male) |
| 1:56 | Build | Lumber Camp |
| 1:59 | Create | Villager (Male) |
| 2:29 | Create | Villager (Male) |
| 2:55 | Create | Villager (Male) |
| 3:22 | Create | Villager (Male) |
| 3:23 | Create | Villager (Male) |
| 3:40 | Create | Villager (Male) |
| 3:54 | Build | House |
| 4:12 | Create | Villager (Male) |
| 4:12 | Create | Villager (Male) |
| 4:37 | Build | House |
| 4:43 | Create | Villager (Male) |
| 4:46 | Build | Mill |
| 5:02 | Create | Villager (Male) |
| 5:26 | Create | Villager (Male) |
| 5:43 | Build | House |
| 6:02 | Create | Villager (Male) |
| 6:17 | Build | House |
| 6:23 | Create | Villager (Male) |
| 6:34 | Build | Farm |
| 6:39 | Build | Farm |
| 6:48 | Create | Villager (Male) |
| 7:00 | Create | Villager (Male) |
| 7:15 | Build | Palisade Wall |
| 7:19 | Create | Villager (Male) |
| 7:41 | Create | Villager (Male) |
| 8:03 | Build | Palisade Gate |
| 8:06 | Build | Palisade Wall |
| 8:14 | Research | Loom |
| 8:37 | Research | Feudal Age |
| 9:41 | Build | Palisade Wall |
| 9:45 | Build | Palisade Wall |
| 9:53 | Build | Barracks |
| 10:01 | Create | Villager (Male) |
| 10:07 | Build | Palisade Wall |
| 10:09 | Build | Palisade Wall |
| 10:10 | Build | Palisade Wall |
| 10:10 | Build | Palisade Wall |
| 10:11 | Build | Palisade Wall |
| 10:12 | Build | Palisade Wall |
| 10:17 | Build | Palisade Wall |
| 10:19 | Build | Palisade Wall |
| 10:19 | Build | Palisade Wall |
| 10:20 | Build | Palisade Wall |
| 10:20 | Build | Palisade Wall |
| 10:45 | Create | Villager (Male) |
| 11:05 | Build | Palisade Wall |
| 11:07 | Age | Feudal Age |
| 11:12 | Create | Villager (Male) |
| 11:18 | Build | Stable |
| 11:25 | Research | Double-Bit Axe |
| 11:42 | Build | Mining Camp |
| 11:50 | Create | Villager (Male) |
| 11:56 | Build | House |
| 12:20 | Create | Scout Cavalry |
| 12:20 | Create | Scout Cavalry |
| 12:29 | Build | Blacksmith |
| 12:32 | Build | House |
| 12:35 | Create | Villager (Male) |
| 12:42 | Create | Scout Cavalry |
| 12:51 | Build | Farm |
| 13:08 | Create | Villager (Male) |
| 13:16 | Build | Farm |
| 13:22 | Create | Villager (Male) |
| 13:29 | Research | Scale Barding Armor |
| 13:33 | Create | Villager (Male) |
| 13:40 | Build | Farm |
| 13:42 | Build | Farm |
| 13:50 | Build | House |
| 13:51 | Build | House |
| 14:00 | Research | Forging |
| 14:01 | Create | Villager (Male) |
| 14:04 | Build | Farm |
| 14:06 | Build | Farm |
| 14:14 | Build | Farm |
| 14:18 | Create | Villager (Male) |
| 14:23 | Research | Bloodlines |
| 14:25 | Build | Farm |
| 14:34 | Build | Farm |
| 14:34 | Build | Farm |
| 14:37 | Create | Villager (Male) |
| 14:48 | Create | Villager (Male) |
| 14:59 | Build | House |
| 15:03 | Build | Farm |
| 15:06 | Build | Farm |
| 15:30 | Build | Farm |
| 15:55 | Build | Farm |
| 15:56 | Create | Villager (Male) |
| 16:10 | Build | Market |
| 16:11 | Create | Villager (Male) |
| 16:56 | Create | Villager (Male) |
| 16:58 | Build | Farm |
| 16:59 | Build | Farm |
| 17:27 | Create | Villager (Male) |
| 17:31 | Build | Farm |
| 17:33 | Build | Farm |
| 17:47 | Create | Villager (Male) |
| 18:47 | Research | Castle Age |
| 19:15 | Build | Farm |
| 19:17 | Build | Farm |
| 19:19 | Build | Farm |
| 19:51 | Build | Palisade Wall |
| 19:57 | Research | Horse Collar |
| 19:58 | Research | Gold Mining |
| 20:21 | Build | House |
| 20:35 | Build | Mining Camp |
| 20:42 | Research | Stone Mining |
| 20:46 | Create | Villager (Male) |
| 21:07 | Create | Scout Cavalry |
| 21:07 | Create | Scout Cavalry |
| 21:27 | Age | Castle Age |
| 21:30 | Build | Town Center |
| 21:45 | Build | Town Center |
| 21:53 | Create | Villager (Male) |
| 21:54 | Create | Villager (Male) |
| 21:54 | Create | Villager (Male) |
| 21:58 | Build | Lumber Camp |
| 22:13 | Create | Villager (Male) |
| 22:21 | Build | Farm |
| 22:53 | Create | Villager (Male) |
| 23:02 | Research | Husbandry |
| 23:16 | Create | Villager (Male) |
| 23:16 | Create | Villager (Male) |
| 23:18 | Build | Farm |
| 23:23 | Create | Villager (Male) |
| 23:37 | Create | Villager (Male) |
| 23:39 | Build | Farm |
| 23:40 | Build | Farm |
| 23:46 | Create | Villager (Male) |
| 23:47 | Create | Villager (Male) |
| 23:47 | Create | Villager (Male) |
| 23:47 | Create | Villager (Male) |
| 24:03 | Research | Bow Saw |
| 24:05 | Create | Villager (Male) |
| 24:13 | Create | Villager (Male) |
| 24:14 | Create | Villager (Male) |
| 24:30 | Create | Villager (Male) |
| 24:31 | Create | Villager (Male) |
| 24:31 | Create | Villager (Male) |
| 24:37 | Create | Villager (Male) |
| 24:37 | Create | Villager (Male) |
| 24:39 | Create | Villager (Male) |
Build order — danielninosampe
First 150 of 356 actions detected
| 0:05 | Build | House |
| 0:06 | Build | House |
| 0:07 | Create | Villager (Male) |
| 0:07 | Create | Villager (Male) |
| 0:08 | Create | Villager (Male) |
| 0:08 | Create | Villager (Male) |
| 0:08 | Create | Villager (Male) |
| 1:38 | Create | Villager (Male) |
| 1:38 | Create | Villager (Male) |
| 1:38 | Create | Villager (Male) |
| 1:58 | Create | Villager (Male) |
| 1:59 | Create | Villager (Male) |
| 2:36 | Create | Villager (Male) |
| 2:37 | Create | Villager (Male) |
| 2:43 | Create | Villager (Male) |
| 2:44 | Create | Villager (Male) |
| 3:07 | Build | Settlement |
| 3:09 | Create | Villager (Male) |
| 3:09 | Create | Villager (Male) |
| 3:53 | Research | Loom |
| 4:27 | Create | Villager (Male) |
| 4:27 | Create | Villager (Male) |
| 4:36 | Build | Settlement |
| 4:45 | Create | Villager (Male) |
| 4:46 | Create | Villager (Male) |
| 5:13 | Create | Villager (Male) |
| 5:16 | Create | Villager (Male) |
| 5:17 | Create | Villager (Male) |
| 5:42 | Create | Villager (Male) |
| 5:42 | Create | Villager (Male) |
| 6:03 | Create | Villager (Male) |
| 6:21 | Create | Villager (Male) |
| 6:21 | Create | Villager (Male) |
| 6:30 | Create | Villager (Male) |
| 6:31 | Create | Villager (Male) |
| 7:10 | Create | Villager (Male) |
| 7:10 | Create | Villager (Male) |
| 7:57 | Build | Barracks |
| 8:29 | Build | House |
| 8:30 | Build | House |
| 8:30 | Build | House |
| 8:53 | Research | Feudal Age |
| 9:29 | Build | Palisade Wall |
| 9:31 | Build | Palisade Gate |
| 9:33 | Build | Palisade Wall |
| 10:29 | Create | Villager (Male) |
| 10:29 | Create | Villager (Male) |
| 11:03 | Age | Feudal Age |
| 11:05 | Build | Stone Wall |
| 11:07 | Build | Gate |
| 11:09 | Build | Stone Wall |
| 11:13 | Research | Double-Bit Axe |
| 11:14 | Research | Horse Collar |
| 11:16 | Create | Villager (Male) |
| 11:33 | Build | Settlement |
| 11:40 | Create | Villager (Male) |
| 11:41 | Create | Villager (Male) |
| 12:22 | Build | Farm |
| 12:23 | Build | Farm |
| 12:25 | Build | Farm |
| 12:26 | Build | Farm |
| 12:34 | Create | Villager (Male) |
| 13:06 | Create | Villager (Male) |
| 13:11 | Build | Blacksmith |
| 13:27 | Create | Spearman |
| 13:27 | Create | Spearman |
| 13:31 | Create | Spearman |
| 13:39 | Create | Villager (Male) |
| 13:51 | Create | Villager (Male) |
| 13:54 | Create | Villager (Male) |
| 14:09 | Build | Stone Wall |
| 14:28 | Create | Villager (Male) |
| 15:25 | Build | Stone Wall |
| 15:26 | Build | Gate |
| 15:29 | Create | Villager (Male) |
| 15:29 | Create | Villager (Male) |
| 15:53 | Create | Villager (Male) |
| 15:59 | Build | House |
| 16:00 | Build | House |
| 16:07 | Build | Farm |
| 16:08 | Build | Farm |
| 16:09 | Build | Farm |
| 16:10 | Build | Farm |
| 16:11 | Build | Farm |
| 16:12 | Build | Farm |
| 16:14 | Build | Farm |
| 16:28 | Build | Archery Range |
| 16:31 | Build | Archery Range |
| 16:36 | Create | Villager (Male) |
| 17:11 | Research | Castle Age |
| 17:19 | Build | Stone Wall |
| 17:23 | Research | Fletching |
| 17:23 | Research | Padded Archer Armor |
| 17:27 | Research | Padded Archer Armor |
| 17:27 | Research | Padded Archer Armor |
| 17:30 | Build | Settlement |
| 18:15 | Research | Gold Mining |
| 18:21 | Build | Archery Range |
| 18:45 | Build | Farm |
| 18:55 | Create | Villager (Male) |
| 18:55 | Create | Villager (Male) |
| 19:44 | Build | House |
| 19:48 | Build | House |
| 19:52 | Age | Castle Age |
| 19:55 | Create | Bolas Rider |
| 19:55 | Create | Bolas Rider |
| 19:55 | Create | Bolas Rider |
| 19:56 | Create | Bolas Rider |
| 19:56 | Create | Bolas Rider |
| 19:56 | Create | Bolas Rider |
| 19:56 | Create | Bolas Rider |
| 19:56 | Create | Bolas Rider |
| 20:47 | Research | Bodkin Arrow |
| 20:49 | Create | Villager (Male) |
| 20:49 | Create | Villager (Male) |
| 20:54 | Build | University |
| 21:10 | Create | Bolas Rider |
| 21:11 | Create | Bolas Rider |
| 21:11 | Create | Bolas Rider |
| 21:11 | Create | Bolas Rider |
| 21:13 | Create | Villager (Male) |
| 21:13 | Create | Villager (Male) |
| 21:14 | Create | Villager (Male) |
| 22:02 | Build | Market |
| 22:05 | Create | Villager (Male) |
| 22:07 | Create | Villager (Male) |
| 22:41 | Research | Ballistics |
| 22:41 | Research | Ballistics |
| 22:41 | Research | Ballistics |
| 22:44 | Create | Villager (Male) |
| 22:54 | Create | Villager (Male) |
| 23:02 | Create | Villager (Male) |
| 23:25 | Create | Villager (Male) |
| 23:25 | Create | Villager (Male) |
| 23:51 | Create | Villager (Male) |
| 23:51 | Create | Villager (Male) |
| 24:08 | Create | Bolas Rider |
| 24:09 | Create | Bolas Rider |
| 24:09 | Create | Bolas Rider |
| 24:09 | Create | Bolas Rider |
| 24:09 | Create | Bolas Rider |
| 24:10 | Create | Bolas Rider |
| 24:16 | Build | Castle |
| 24:20 | Create | Bolas Rider |
| 24:20 | Create | Bolas Rider |
| 24:20 | Create | Bolas Rider |
| 24:22 | Create | Villager (Male) |
| 24:22 | Create | Villager (Male) |
| 25:10 | Create | Villager (Male) |
| 25:12 | Build | House |
Build order — RyanZZZ
First 150 of 493 actions detected
| 0:01 | Create | Villager (Male) |
| 0:01 | Create | Villager (Male) |
| 0:02 | Create | Villager (Male) |
| 0:04 | Build | House |
| 0:05 | Build | House |
| 0:23 | Create | Villager (Male) |
| 0:24 | Create | Villager (Male) |
| 1:29 | Create | Villager (Male) |
| 1:29 | Create | Villager (Male) |
| 1:51 | Create | Villager (Male) |
| 2:32 | Create | Villager (Male) |
| 2:33 | Create | Villager (Male) |
| 2:33 | Create | Villager (Male) |
| 2:36 | Build | Lumber Camp |
| 2:56 | Create | Villager (Male) |
| 2:56 | Create | Villager (Male) |
| 3:26 | Create | Villager (Male) |
| 3:27 | Create | Villager (Male) |
| 3:37 | Build | House |
| 3:39 | Build | House |
| 3:53 | Create | Villager (Male) |
| 3:53 | Create | Villager (Male) |
| 4:01 | Create | Villager (Male) |
| 4:01 | Create | Villager (Male) |
| 4:07 | Research | Loom |
| 4:07 | Research | Loom |
| 4:08 | Create | Villager (Male) |
| 4:09 | Create | Villager (Male) |
| 4:09 | Create | Villager (Male) |
| 4:32 | Create | Villager (Male) |
| 4:32 | Create | Villager (Male) |
| 4:42 | Build | House |
| 5:24 | Build | Outpost |
| 5:43 | Create | Villager (Male) |
| 5:43 | Create | Villager (Male) |
| 5:44 | Create | Villager (Male) |
| 5:59 | Build | Palisade Wall |
| 6:00 | Create | Villager (Male) |
| 6:00 | Create | Villager (Male) |
| 6:06 | Build | Mill |
| 6:18 | Build | Outpost |
| 7:06 | Create | Villager (Male) |
| 7:07 | Create | Villager (Male) |
| 7:07 | Create | Villager (Male) |
| 7:07 | Create | Villager (Male) |
| 7:08 | Create | Villager (Male) |
| 7:30 | Build | Outpost |
| 7:42 | Create | Villager (Male) |
| 7:42 | Create | Villager (Male) |
| 8:16 | Build | Palisade Wall |
| 8:31 | Create | Villager (Male) |
| 8:53 | Build | Palisade Wall |
| 9:06 | Build | Outpost |
| 9:07 | Create | Villager (Male) |
| 9:21 | Build | Barracks |
| 9:47 | Build | Mining Camp |
| 9:56 | Create | Villager (Male) |
| 10:11 | Build | Outpost |
| 10:18 | Research | Feudal Age |
| 10:32 | Build | Palisade Wall |
| 10:38 | Build | House |
| 11:29 | Build | Farm |
| 11:38 | Build | Palisade Gate |
| 11:51 | Create | Villager (Male) |
| 11:53 | Create | Villager (Male) |
| 12:00 | Build | Outpost |
| 12:38 | Age | Feudal Age |
| 12:41 | Research | Town Watch |
| 12:41 | Research | Town Watch |
| 12:42 | Create | Villager (Male) |
| 12:49 | Build | Market |
| 13:00 | Build | Outpost |
| 13:07 | Create | Villager (Male) |
| 13:46 | Build | Blacksmith |
| 14:00 | Build | Outpost |
| 14:01 | Research | Castle Age |
| 14:01 | Research | Castle Age |
| 14:19 | Build | Lumber Camp |
| 14:39 | Build | Outpost |
| 14:50 | Research | Horse Collar |
| 14:51 | Research | Horse Collar |
| 15:28 | Build | Farm |
| 15:30 | Build | Farm |
| 15:32 | Build | Farm |
| 15:34 | Build | Farm |
| 15:35 | Build | Farm |
| 15:56 | Build | Outpost |
| 16:04 | Create | Villager (Male) |
| 16:05 | Create | Villager (Male) |
| 16:08 | Build | Farm |
| 16:11 | Build | Farm |
| 16:25 | Build | House |
| 16:35 | Build | Farm |
| 16:36 | Build | Farm |
| 16:37 | Create | Villager (Male) |
| 16:37 | Create | Villager (Male) |
| 16:41 | Age | Castle Age |
| 16:52 | Research | Town Patrol |
| 16:52 | Research | Town Patrol |
| 16:58 | Build | Farm |
| 17:12 | Build | Farm |
| 17:13 | Create | Villager (Male) |
| 17:24 | Build | Outpost |
| 17:42 | Create | Spearman |
| 17:42 | Create | Spearman |
| 17:43 | Create | Spearman |
| 17:45 | Create | Spearman |
| 17:46 | Create | Spearman |
| 18:06 | Build | House |
| 18:09 | Build | House |
| 18:12 | Create | Villager (Male) |
| 18:16 | Build | House |
| 18:21 | Build | Palisade Wall |
| 18:23 | Create | Spearman |
| 18:26 | Create | Villager (Male) |
| 18:41 | Create | Spearman |
| 18:51 | Create | Villager (Male) |
| 19:00 | Build | Farm |
| 19:13 | Build | Outpost |
| 19:15 | Create | Villager (Male) |
| 19:52 | Create | Villager (Male) |
| 19:53 | Create | Villager (Male) |
| 19:58 | Build | Town Center |
| 20:18 | Create | Villager (Male) |
| 20:19 | Create | Spearman |
| 20:47 | Research | Wheelbarrow |
| 21:06 | Create | Villager (Male) |
| 21:28 | Create | Villager (Male) |
| 21:34 | Build | Town Center |
| 21:39 | Create | Villager (Male) |
| 21:45 | Build | Farm |
| 21:46 | Build | Farm |
| 21:47 | Create | Villager (Male) |
| 21:59 | Create | Villager (Male) |
| 22:02 | Build | Farm |
| 22:05 | Create | Villager (Male) |
| 22:05 | Create | Villager (Male) |
| 22:13 | Create | Villager (Male) |
| 22:14 | Create | Villager (Male) |
| 22:17 | Build | Farm |
| 22:29 | Create | Villager (Male) |
| 22:29 | Create | Villager (Male) |
| 22:32 | Build | Farm |
| 22:42 | Build | Palisade Gate |
| 22:44 | Create | Villager (Male) |
| 22:53 | Create | Villager (Male) |
| 22:53 | Create | Villager (Male) |
| 22:58 | Create | Villager (Male) |
| 22:59 | Create | Villager (Male) |
| 23:14 | Build | Farm |
Build order — Certtes
First 150 of 377 actions detected
| 0:03 | Create | Villager (Male) |
| 0:03 | Create | Villager (Male) |
| 0:03 | Create | Villager (Male) |
| 0:04 | Create | Villager (Male) |
| 0:04 | Create | Villager (Male) |
| 0:05 | Build | House |
| 0:07 | Build | House |
| 1:34 | Create | Villager (Male) |
| 1:53 | Build | Lumber Camp |
| 1:55 | Create | Villager (Male) |
| 2:32 | Create | Villager (Male) |
| 2:32 | Create | Villager (Male) |
| 3:02 | Create | Villager (Male) |
| 3:03 | Create | Villager (Male) |
| 3:31 | Create | Villager (Male) |
| 3:31 | Create | Villager (Male) |
| 3:55 | Create | Villager (Male) |
| 3:55 | Create | Villager (Male) |
| 4:14 | Build | House |
| 4:20 | Build | Mill |
| 4:26 | Create | Villager (Male) |
| 4:27 | Create | Villager (Male) |
| 4:52 | Create | Villager (Male) |
| 4:53 | Create | Villager (Male) |
| 5:36 | Create | Villager (Male) |
| 6:04 | Create | Villager (Male) |
| 6:06 | Build | House |
| 6:16 | Create | Villager (Male) |
| 6:42 | Create | Villager (Male) |
| 7:04 | Create | Villager (Male) |
| 7:30 | Build | Farm |
| 7:31 | Create | Villager (Male) |
| 7:53 | Build | Farm |
| 7:55 | Create | Villager (Male) |
| 8:19 | Build | Mining Camp |
| 8:51 | Research | Feudal Age |
| 9:32 | Build | House |
| 9:42 | Build | Palisade Wall |
| 9:52 | Build | House |
| 10:29 | Create | Villager (Male) |
| 10:30 | Create | Villager (Male) |
| 11:01 | Age | Feudal Age |
| 11:27 | Build | Market |
| 11:33 | Build | Blacksmith |
| 11:45 | Build | Palisade Wall |
| 11:52 | Build | House |
| 11:59 | Build | Palisade Wall |
| 12:00 | Create | Villager (Male) |
| 12:20 | Research | Castle Age |
| 12:39 | Build | House |
| 12:48 | Build | Palisade Wall |
| 13:54 | Research | Double-Bit Axe |
| 14:20 | Build | Mining Camp |
| 14:35 | Build | Farm |
| 15:05 | Age | Castle Age |
| 15:10 | Build | House |
| 15:15 | Create | Villager (Male) |
| 15:15 | Create | Villager (Male) |
| 15:37 | Research | Loom |
| 15:37 | Create | Villager (Male) |
| 15:37 | Create | Villager (Male) |
| 15:59 | Build | Stone Wall |
| 16:09 | Create | Villager (Male) |
| 17:05 | Build | Farm |
| 17:05 | Build | Farm |
| 17:07 | Build | Farm |
| 17:07 | Build | Farm |
| 17:07 | Build | Farm |
| 17:28 | Create | Villager (Male) |
| 17:28 | Create | Villager (Male) |
| 17:47 | Create | Villager (Male) |
| 17:47 | Create | Villager (Male) |
| 18:42 | Build | Stone Wall |
| 19:04 | Build | Gate |
| 19:15 | Build | Town Center |
| 20:01 | Create | Villager (Male) |
| 20:02 | Create | Villager (Male) |
| 20:13 | Create | Villager (Male) |
| 20:44 | Build | Castle |
| 20:49 | Create | Villager (Male) |
| 20:49 | Create | Villager (Male) |
| 20:49 | Create | Villager (Male) |
| 20:50 | Create | Villager (Male) |
| 20:50 | Create | Villager (Male) |
| 20:59 | Research | Bow Saw |
| 21:02 | Research | Horse Collar |
| 21:47 | Create | Villager (Male) |
| 21:48 | Create | Villager (Male) |
| 21:48 | Create | Villager (Male) |
| 22:23 | Build | Town Center |
| 22:43 | Create | Villager (Male) |
| 22:43 | Create | Villager (Male) |
| 22:44 | Create | Villager (Male) |
| 22:49 | Research | Heavy Plow |
| 22:52 | Build | Farm |
| 22:54 | Build | Farm |
| 23:24 | Create | Villager (Male) |
| 23:24 | Create | Villager (Male) |
| 23:25 | Create | Villager (Male) |
| 23:25 | Create | Villager (Male) |
| 23:29 | Build | Farm |
| 23:31 | Build | Farm |
| 23:34 | Build | Farm |
| 23:42 | Create | Villager (Male) |
| 23:45 | Build | Farm |
| 23:48 | Build | Farm |
| 23:54 | Build | Farm |
| 23:57 | Build | Farm |
| 24:04 | Create | Villager (Male) |
| 24:04 | Create | Villager (Male) |
| 24:05 | Create | Villager (Male) |
| 24:10 | Build | Farm |
| 24:15 | Build | Farm |
| 24:18 | Build | Farm |
| 24:21 | Build | Farm |
| 24:28 | Build | Farm |
| 24:32 | Create | Villager (Male) |
| 24:33 | Create | Villager (Male) |
| 24:33 | Create | Villager (Male) |
| 24:38 | Build | Farm |
| 24:53 | Create | Villager (Male) |
| 24:54 | Create | Villager (Male) |
| 24:54 | Create | Villager (Male) |
| 25:01 | Build | Farm |
| 25:04 | Build | Farm |
| 25:07 | Build | Farm |
| 25:09 | Build | Farm |
| 25:12 | Build | Farm |
| 25:15 | Build | Farm |
| 25:20 | Create | Villager (Male) |
| 25:20 | Create | Villager (Male) |
| 25:20 | Create | Villager (Male) |
| 25:21 | Create | Villager (Male) |
| 25:27 | Build | Farm |
| 25:31 | Build | Farm |
| 25:34 | Build | Farm |
| 25:40 | Create | Villager (Male) |
| 25:40 | Create | Villager (Male) |
| 25:51 | Create | Villager (Male) |
| 25:51 | Create | Villager (Male) |
| 25:58 | Build | Farm |
| 26:04 | Build | Farm |
| 26:30 | Research | Wheelbarrow |
| 26:32 | Create | Villager (Male) |
| 26:32 | Create | Villager (Male) |
| 26:36 | Create | Villager (Male) |
| 26:36 | Create | Villager (Male) |
| 26:40 | Build | Farm |
| 26:43 | Build | Farm |
| 26:51 | Build | Farm |
Match timeline
| 5:59 | RyanZZZ · wall_segment Palisade Wall x16 |
| 6:18 | mikeymazko · wall_segment Palisade Wall x10 |
| 6:26 | mikeymazko · wall_segment Palisade Wall x2 |
| 6:28 | mikeymazko · wall_segment Palisade Wall x6 |
| 7:03 | mikeymazko · wall_segment Palisade Wall x4 |
| 7:15 | LeoCareta · wall_segment Palisade Wall x4 |
| 7:27 | smyracula · wall_segment Palisade Wall x1 |
| 7:30 | smyracula · wall_segment Palisade Wall x7 |
| 7:46 | mikeymazko · wall_segment Palisade Wall x5 |
| 7:57 | danielninosampe · first_building Barracks |
| 8:06 | LeoCareta · wall_segment Palisade Wall x2 |
| 8:16 | RyanZZZ · wall_segment Palisade Wall x15 |
| 8:46 | Neo · first_building Barracks |
| 8:53 | RyanZZZ · wall_segment Palisade Wall x15 |
| 9:10 | mikeymazko · wall_segment Palisade Wall x5 |
| 9:13 | mikeymazko · wall_segment Palisade Wall x6 |
| 9:21 | RyanZZZ · first_building Barracks |
| 9:29 | danielninosampe · wall_segment Palisade Wall x3 |
| 9:33 | danielninosampe · wall_segment Palisade Wall x10 |
| 9:36 | SometimesUnlucky · wall_segment Palisade Wall x8 |
| 9:41 | LeoCareta · wall_segment Palisade Wall x5 |
| 9:42 | Certtes · wall_segment Palisade Wall x7 |
| 9:45 | LeoCareta · wall_segment Palisade Wall x10 |
| 9:53 | LeoCareta · first_building Barracks |
| 10:03 | smyracula · wall_segment Palisade Wall x12 |
| 10:04 | Neo · age_up feudal |
| 10:06 | smyracula · wall_segment Palisade Wall x7 |
| 10:07 | LeoCareta · wall_segment Palisade Wall x1 |
| 10:09 | LeoCareta · wall_segment Palisade Wall x1 |
| 10:10 | LeoCareta · wall_segment Palisade Wall x1 |
| 10:10 | LeoCareta · wall_segment Palisade Wall x1 |
| 10:11 | LeoCareta · wall_segment Palisade Wall x1 |
| 10:12 | LeoCareta · wall_segment Palisade Wall x1 |
| 10:17 | LeoCareta · wall_segment Palisade Wall x1 |
| 10:19 | LeoCareta · wall_segment Palisade Wall x1 |
| 10:19 | LeoCareta · wall_segment Palisade Wall x1 |
| 10:20 | LeoCareta · wall_segment Palisade Wall x1 |
| 10:20 | LeoCareta · wall_segment Palisade Wall x1 |
| 10:24 | smyracula · age_up feudal |
| 10:29 | mikeymazko · first_building Barracks |
| 10:32 | RyanZZZ · wall_segment Palisade Wall x3 |
| 10:35 | Neo · first_building Stable |
| 10:40 | SometimesUnlucky · first_building Barracks |
| 10:59 | smyracula · wall_segment Palisade Wall x6 |
| 11:00 | SometimesUnlucky · age_up feudal |
| 11:01 | Certtes · age_up feudal |
| 11:03 | danielninosampe · age_up feudal |
| 11:05 | danielninosampe · wall_segment Stone Wall x6 |
| 11:05 | LeoCareta · wall_segment Palisade Wall x1 |
| 11:06 | mikeymazko · age_up feudal |
| 11:07 | LeoCareta · age_up feudal |
| 11:09 | danielninosampe · wall_segment Stone Wall x9 |
| 11:18 | LeoCareta · first_building Stable |
| 11:31 | mikeymazko · first_building Stable |
| 11:43 | smyracula · wall_segment Palisade Wall x1 |
| 11:45 | Certtes · wall_segment Palisade Wall x1 |
| 11:45 | smyracula · wall_segment Palisade Wall x1 |
| 11:48 | smyracula · wall_segment Palisade Wall x1 |
| 11:49 | smyracula · wall_segment Palisade Wall x1 |
| 11:53 | smyracula · wall_segment Palisade Wall x1 |
| 11:59 | Certtes · wall_segment Palisade Wall x6 |
| 12:38 | RyanZZZ · age_up feudal |
| 12:48 | Certtes · wall_segment Palisade Wall x16 |
| 13:41 | SometimesUnlucky · wall_segment Palisade Wall x1 |
| 13:45 | SometimesUnlucky · wall_segment Palisade Wall x2 |
| 14:09 | danielninosampe · wall_segment Stone Wall x1 |
| 14:14 | RyanZZZ · first_market_buy 100 wood |
| 14:52 | SometimesUnlucky · age_up castle |
| 15:05 | Certtes · age_up castle |
| 15:09 | smyracula · age_up castle |
| 15:13 | smyracula · first_building Monastery |
| 15:25 | danielninosampe · wall_segment Stone Wall x3 |
| 15:59 | Certtes · wall_segment Stone Wall x4 |
| 16:28 | danielninosampe · first_building Archery Range |
| 16:41 | RyanZZZ · age_up castle |
| 17:19 | danielninosampe · wall_segment Stone Wall x6 |
| 18:01 | SometimesUnlucky · wall_segment Palisade Wall x1 |
| 18:04 | SometimesUnlucky · wall_segment Palisade Wall x1 |
| 18:09 | smyracula · first_building Barracks |
| 18:21 | RyanZZZ · wall_segment Palisade Wall x1 |
| 18:42 | Certtes · wall_segment Stone Wall x2 |
| 18:50 | Neo · wall_segment Palisade Wall x1 |
| 19:51 | LeoCareta · wall_segment Palisade Wall x1 |
| 19:52 | danielninosampe · age_up castle |
| 20:35 | Neo · age_up castle |
| 20:44 | Certtes · first_building Castle |
| 21:27 | LeoCareta · age_up castle |
| 21:43 | mikeymazko · age_up castle |
| 22:15 | Certtes · first_market_buy 100 stone |
| 23:49 | mikeymazko · first_market_buy 100 stone |
| 24:04 | RyanZZZ · wall_segment Stone Wall x20 |
| 24:16 | danielninosampe · first_building Castle |
| 24:40 | mikeymazko · first_market_sell 100 food |
| 25:25 | RyanZZZ · first_building Archery Range |
| 26:25 | LeoCareta · first_market_buy 100 stone |
| 26:28 | LeoCareta · first_market_sell 100 food |
| 26:31 | SometimesUnlucky · first_building Stable |
| 26:41 | LeoCareta · first_building Castle |
| 26:43 | danielninosampe · first_market_sell 100 food |
| 27:02 | Neo · first_building Archery Range |
| 27:08 | SometimesUnlucky · first_building Monastery |
| 27:34 | Certtes · first_building Monastery |
| 27:56 | Neo · first_market_buy 100 stone |
| 27:57 | smyracula · wall_segment Stone Wall x36 |
| 28:04 | Neo · first_building Castle |
| 28:23 | smyracula · wall_segment Stone Wall x19 |
| 28:36 | smyracula · first_building Castle |
| 29:03 | LeoCareta · wall_segment Stone Wall x1 |
| 29:30 | RyanZZZ · first_building Castle |
| 29:37 | Certtes · first_market_sell 100 food |
| 31:14 | SometimesUnlucky · age_up imperial |
| 31:18 | RyanZZZ · first_market_sell 100 stone |
| 31:39 | mikeymazko · wall_segment Stone Wall x28 |
| 32:02 | smyracula · wall_segment Stone Wall x15 |
| 32:09 | RyanZZZ · wall_segment Stone Wall x20 |
| 32:16 | SometimesUnlucky · first_building Castle |
| 32:23 | mikeymazko · wall_segment Stone Wall x6 |
| 32:23 | LeoCareta · first_building Siege Workshop |
| 32:32 | mikeymazko · wall_segment Stone Wall x17 |
| 32:41 | RyanZZZ · wall_segment Stone Wall x7 |
| 32:46 | smyracula · wall_segment Stone Wall x1 |
| 32:47 | mikeymazko · wall_segment Stone Wall x8 |
| 32:48 | smyracula · age_up imperial |
| 33:03 | Certtes · age_up imperial |
| 33:06 | RyanZZZ · wall_segment Stone Wall x12 |
| 33:06 | Certtes · first_building Barracks |
| 33:24 | Certtes · first_building Siege Workshop |
| 33:38 | Certtes · wall_segment Stone Wall x2 |
| 34:11 | mikeymazko · first_building Monastery |
| 34:51 | smyracula · wall_segment Stone Wall x15 |
| 34:59 | mikeymazko · first_building Castle |
| 36:10 | smyracula · tribute_sent a jugador 1 |
| 36:10 | smyracula · tribute_sent a jugador 2 |
| 36:10 | smyracula · tribute_sent a jugador 4 |
| 36:10 | smyracula · tribute_sent a jugador 5 |
| 36:10 | smyracula · tribute_sent a jugador 6 |
| 36:10 | smyracula · tribute_sent a jugador 7 |
| 36:10 | smyracula · tribute_sent a jugador 8 |
| 36:24 | mikeymazko · first_building Archery Range |
| 36:42 | mikeymazko · wall_segment Stone Wall x6 |
| 36:45 | mikeymazko · wall_segment Stone Wall x4 |
| 37:09 | mikeymazko · wall_segment Stone Wall x13 |
| 37:11 | mikeymazko · wall_segment Stone Wall x9 |
| 37:35 | RyanZZZ · wall_segment Stone Wall x5 |
| 37:38 | RyanZZZ · wall_segment Stone Wall x4 |
| 38:01 | mikeymazko · age_up imperial |
| 38:25 | SometimesUnlucky · first_building Archery Range |
| 39:13 | danielninosampe · age_up imperial |
| 39:21 | RyanZZZ · age_up imperial |
| 40:20 | SometimesUnlucky · first_building Siege Workshop |
| 40:28 | danielninosampe · first_building Siege Workshop |
| 40:34 | LeoCareta · age_up imperial |
| 40:48 | SometimesUnlucky · first_market_sell 100 food |
| 41:02 | mikeymazko · first_building Siege Workshop |
| 41:59 | Neo · age_up imperial |
| 42:03 | danielninosampe · first_market_buy 100 food |
| 43:20 | SometimesUnlucky · first_market_buy 100 wood |
| 44:08 | Neo · wall_segment Stone Wall x14 |
| 44:44 | Neo · wall_segment Stone Wall x7 |
| 45:11 | smyracula · first_building Stable |
| 46:08 | Neo · wall_segment Stone Wall x4 |
| 46:43 | Neo · wall_segment Stone Wall x8 |
| 47:05 | Neo · wall_segment Stone Wall x1 |
| 47:37 | Neo · wall_segment Stone Wall x1 |
| 49:01 | smyracula · resign |
[ AI ANALYSIS · 1 CREDIT ]
What really happened in this match?
Wolo.gg analyzes every decision: build order, eco, micro, common mistakes by bracket. Personalized analysis on WhatsApp or Discord in 30 seconds.
Civ guide
Byzantines
Perfil
Jugador #4644087